Map: Triton LE

Players

Ratl - Winner!

  • Race: Protoss Protoss
  • Spawn Location: 11:00

VOD

Have the link to the VOD?

Description

Time

  • Played on: Nov. 12, 2019, 7:09 p.m.
  • Length: 26:54
Show
View Real Time Build Order
Export as new Build Order

Ratl Protoss - Winner!

Build Orders:  

Get SALT Encoding   

  12  0:00  Probe (Chrono Boost)  
  13  0:25  Probe (Chrono Boost)  
  13  0:28  Pylon  
  15  0:42  Probe (Chrono Boost)  
  15  0:59  Probe (Chrono Boost)  
  16  1:01  Gateway  
  16  1:16  Probe (Chrono Boost)  
  17  1:34  Probe (Chrono Boost)  
  17  1:36  Pylon  
  18  1:40  Pylon  
  18  1:45  Probe (Chrono Boost), Assimilator  
  18  1:48  Assimilator  
  19  1:58  Pylon  
  19  2:16  Probe (Chrono Boost)  
  20  2:33  Probe (Chrono Boost)  
  22  2:50  Probe (Chrono Boost)  
  22  2:56  Forge  
  22  2:58  Cybernetics Core  
  22  3:18  Nexus  
  24  4:06  Protoss Ground Weapons Level 1  
  24  4:24  Robotics Facility  
  24  4:32  Unknown  
  26  5:02  Twilight Council  
  26  5:04  Robotics Facility  
  26  5:12  Stargate  
  26  5:14  Unknown  
  26  5:16  Warp Gate  
  26  5:18  Probe (Chrono Boost)  
  26  5:29  Probe (Chrono Boost)  
  27  5:35  Sentry  
  30  5:43  Probe (Chrono Boost)  
  31  5:59  Assimilator  
  32  6:00  Probe (Chrono Boost)  
  32  6:02  Assimilator  
  32  6:17  Probe (Chrono Boost)  
  35  6:23  Probe (Chrono Boost)  
  36  6:34  Probe (Chrono Boost)  
  38  6:40  Probe (Chrono Boost)  
  39  6:51  Probe (Chrono Boost)  
  39  6:54  Unknown  
  39  6:57  Probe (Chrono Boost)  
  42  7:07  Unknown  
  42  7:08  Probe (Chrono Boost)  
  42  7:09  Protoss Shields Level 1 (Chrono Boost)  
  41  7:14  Probe (Chrono Boost)  
  41  7:19  Probe (Chrono Boost)  
  42  7:29  Probe x2 (Chrono Boost)  
  44  7:35  Unknown  
  47  7:42  Probe  
  47  7:45  Probe  
  47  7:48  Warp Prism  
  51  7:59  Probe  
  52  8:02  Probe  
  52  8:07  Pylon  
  53  8:11  Pylon  
  53  8:14  Pylon  
  53  8:18  Unknown  
  53  8:27  Gateway  
  53  8:28  Gateway  
  53  8:31  Gateway  
  53  8:35  Photon Cannon  
  53  8:36  Photon Cannon  
  53  8:37  Shield Battery  
  53  8:38  Shield Battery, Observer  
  54  8:40  Shield Battery  
  48  9:00  Unknown  
  46  9:42  Unknown, Zealot  
  46  9:44  Probe  
  49  10:01  Probe  
  49  10:03  Pylon  
  49  10:04  Unknown  
  50  10:10  Pylon  
  50  10:12  Pylon  
  50  10:18  Probe, Gateway  
  51  10:20  Zealot  
  51  10:22  Gateway x3  
  53  10:45  Gateway  
  53  10:48  Gateway  
  53  10:50  Gateway  
  53  10:54  Gateway  
  53  10:55  Gateway  
  53  10:57  Gateway, Zealot  
  55  11:00  Protoss Ground Armor Level 1 (Chrono Boost)  
  55  11:35  Zealot  
  55  11:37  Pylon  
  57  11:42  Pylon  
  57  11:46  Unknown  
  57  11:48  Pylon  
  57  11:52  Nexus  
  57  11:57  Assimilator  
  57  12:00  Assimilator  
  57  12:04  Stalker x2  
  57  12:05  Stalker x3  
  57  12:08  Stalker  
  69  12:15  Stalker  
  75  12:44  Phoenix (Chrono Boost)  
  73  13:02  Adept  
  73  13:03  Adept x2  
  73  13:04  Adept  
  81  13:18  Phoenix (Chrono Boost)  
  83  13:48  Protoss Shields Level 2  
  83  13:53  Phoenix (Chrono Boost)  
  79  14:28  Probe (Chrono Boost)  
  80  14:40  Probe (Chrono Boost)  
  81  14:50  Stalker x3  
  81  14:51  Stalker x5  
  81  14:52  Stalker x4  
  81  14:53  Stalker  
  81  14:54  Probe (Chrono Boost)  
  108  15:07  Probe (Chrono Boost)  
  109  15:19  Probe (Chrono Boost)  
  109  15:28  Stalker  
  109  15:29  Stalker x3  
  118  17:23  Protoss Ground Armor Level 2  
  86  20:30  Unknown  
  62  21:30  Warp Prism  
  62  21:43  Adept  
  62  21:44  Adept x8  
  62  21:47  Stalker  
  62  21:48  Stalker x3  
  80  22:20  Warp Prism  
  82  22:53  Protoss Ground Weapons Level 2  
  82  22:57  Stalker x3  
  82  22:58  Stalker x4  
  82  22:59  Stalker x5  
  106  23:01  Stalker  
  108  23:10  Warp Prism  
  110  23:38  Probe (Chrono Boost)  
  111  23:59  Nexus  
  107  24:01  Assimilator  
  107  24:03  Protoss Air Weapons Level 1  
  107  24:05  Assimilator  
  103  24:48  Stalker x2  
  103  24:49  Stalker x3  
  113  24:50  Stalker x4  
  113  24:51  Stalker x2  
  113  24:52  Stalker x2  
Tags
 
Matchup
Co-op
Add a new tag
Caveats
  • Supply blocks, unpowered buildings, or Contaminate may cause inaccurate times.
  • Supply counts are checked every 10 seconds.